 Dungeon Crawl Stone Soup version 0.30-a0-691-g754fce4c43 (webtiles) character file.

Game seed: 16595234612274865475

7541 bmack86 the Cleaver (level 10, -4/90 HPs)
             Began as a Minotaur Fighter on Jan 20, 2023.
             Was a Priest of Okawaru.
             Slain by a troll (9 damage)
             ... on level 9 of the Dungeon.
             The game lasted 00:20:49 (7566 turns).

bmack86 the Cleaver (Minotaur Fighter)              Turns: 7566, Time: 00:20:50

Health: -4/90      AC: 20    Str: 25    XL:     10   Next: 96%
Magic:  12/12      EV:  6    Int:  5    God:    Okawaru [***...]
Gold:   557        SH: 10    Dex: 10    Spells: 9/9 levels left

rFire   . . .      SeeInvis .    a - +1 war axe
rCold   . . .      Faith    .    C - +0 kite shield
rNeg    . . .      Spirit   .    r - +0 plate armour
rPois   +          Reflect  .    (helmet restricted)
rElec   .          Harm     .    t - scarf {repulsion}
rCorr   .          Rampage  .    (no gloves)
Will    .....                    p - +1 pair of boots Stlth
                                 u - amulet of regeneration
HPRegen 1.15/turn                q - +4 ring of protection
MPRegen 0.13/turn                f - ring of poison resistance

@: repel missiles
A: horns 2, retaliatory headbutt
a: Renounce Religion, Heroism


You were on level 9 of the Dungeon.
You worshipped Okawaru.
Okawaru was most pleased with you.
You visited 2 branches of the dungeon, and saw 10 of its levels.
You also visited: Bailey.

You collected 710 gold pieces.
You spent 153 gold pieces at shops.

Inventory:

Hand Weapons
 a - a +1 war axe (weapon)
 s - the +10 trident "Coeschal" {flame, Int+3 Dex-4 Stlth+}
   (You found it on level 6 of the Dungeon)

   Int:       It affects your intelligence (+3).
   Dex:       It affects your dexterity (-4).
   Stlth:     It makes you more stealthy.
Missiles
 i - 5 boomerangs (quivered)
 w - 2 curare-tipped darts
Armour
 p - a +1 pair of boots (worn)
 r - a +0 plate armour (worn)
 t - a scarf of repulsion (worn)
 C - a +0 kite shield (worn)
Jewellery
 f - a ring of poison resistance (right hand)
 q - a +4 ring of protection (left hand)
 u - an amulet of regeneration (around neck)
 v - a ring of resist corrosion
Wands
 b - a wand of paralysis (7)
 h - a wand of roots (8)
Scrolls
 j - 3 scrolls of teleportation
 m - 3 scrolls of fear
 x - a scroll of magic mapping
 y - a scroll of enchant weapon
 D - 2 scrolls of butterflies {unknown}
 E - 2 scrolls of fog
Potions
 c - 2 potions of berserk rage
 d - 4 potions of might
 e - 2 potions of flight
 g - 4 potions of haste
 k - 2 potions of heal wounds
 l - 6 potions of curing
 n - 4 potions of attraction
 o - 3 potions of brilliance
 z - 2 potions of ambrosia
 A - a potion of resistance {unknown}


   Skills:
 + Level 8.8 Fighting
 * Level 11.6 Axes
 + Level 6.4 Throwing
 + Level 8.8 Armour
 + Level 8.9 Shields
 + Level 4.0 Invocations


You had 9 spell levels left.
You didn't know any spells.
Your spell library contained the following spells:

 Spells                   Type           Power      Damage    Failure   Level
 Necrotise                Necr           0%         1d4       100%        1
 Slow                     Hex            0%         N/A       100%        1
 Confusing Touch          Hex            0%         N/A       100%        3
 Stone Arrow              Conj/Erth      0%         3d7       100%        3
 Vampiric Draining        Necr           0%         2d6       100%        3
 Agony                    Necr           0%         N/A       100%        5
 Orb of Destruction       Conj           0%         9d5       100%        7
 Lehudib's Crystal Spear  Conj/Erth      0%         10d2      100%        8
 Summon Guardian Golem    Hex/Summ       Unusable   N/A       N/A         3
 Animate Armour           Summ/Erth      Unusable   N/A       N/A         4
 Spellforged Servitor     Conj/Summ      Unusable   N/A       N/A         7

Dungeon Overview and Level Annotations

Branches:
Dungeon (9/15)             Temple (1/1) D:7          Bailey (visited)
   Lair: D:8-11         Orc: D:9-12

Altars:
Ashenzari
Cheibriados
Dithmenos
Elyvilon
Fedhas
Gozag
Hepliaklqana
Kikubaaqudgha
Makhleb
Nemelex Xobeh
Okawaru
Qazlal
Ru
Sif Muna
Trog
Uskayaw
Vehumet
Wu Jian
Xom
Yredelemnul
Zin
The Shining One

Shops:
D:6 *

Annotations:
D:2 1 runed translucent door, Crazy Yiuf


Innate Abilities, Weirdness & Mutations

You have a pair of horns on your head.
You reflexively headbutt those who attack you in melee.


Message History

The tengu warrior is heavily wounded.
The tengu warrior hits you but does no damage.
The tengu warrior pecks you but does no damage.
The tengu warrior claws you.
* * * LOW HITPOINT WARNING * * *
As you read the scroll of teleportation, it crumbles to dust.
You feel strangely unstable. You block the tengu warrior's attack.
The tengu warrior pecks you but does no damage.
The tengu warrior claws you but does no damage.
You hit the tengu warrior but do no damage.
The tengu warrior is heavily wounded.
You block the tengu warrior's attack.
The tengu warrior pecks you but does no damage.
The tengu warrior claws you but does no damage.
You slash the tengu warrior! You headbutt the tengu warrior.
The tengu warrior is severely wounded.
The tengu warrior hits you with a +0 great sword!!
* * * LOW HITPOINT WARNING * * *
The tengu warrior pecks you but does no damage.
The tengu warrior claws you but does no damage.
You hit the tengu warrior but do no damage.
The tengu warrior is severely wounded.
Your surroundings suddenly seem different.
An orc wizard, a centaur and a troll come into view.
Found a pair of gloves and a whip.
The orc wizard shouts!
The deep elf pyromancer shouts!
The troll shouts!
The centaur wields a +0 shortbow.
The centaur shoots an arrow.
The arrow closely misses you.
The deep elf pyromancer mumbles some strange words.
The troll bites you.
* * * LOW HITPOINT WARNING * * *
You block the troll's attack. x2
You miss the orc wizard. Your headbutt misses the orc wizard.
You closely miss the troll. The troll bites you but does no damage.
The troll claws you but does no damage. You block the troll's attack.
The orc wizard hits you with a +0 dagger.
* * * LOW HITPOINT WARNING * * *
You barely miss the orc wizard. You completely miss the troll.
The troll bites you!
You die... # ### #. ... #.# #.# . . #..#.#.#..# .# #. #@oE○☼# #. .# #.....#T[.#... o#K #...#.# c..l# .Jo

#. #. )#.#..#
#H# # #.#.#.#
#Q# . ...# #(#
.#########.####
...............
#............


You could see a troll, a fire elemental (summoned), a wyvern, a centaur and an
orc wizard.

Vanquished Creatures
  A two-headed ogre (D:9)
  Pikel (D:5)
  An orc knight (Bailey)
  A deep elf pyromancer (Bailey)
  A manticore (D:9)
  2 cyclopes (D:9)
  Grinder (D:6)
  Prince Ribbit (D:8)
  9 yaks (D:8)
  Menkaure (D:6)
  An acid dragon (D:8)
  A water moccasin (D:6)
  4 orc warriors
  A black bear (D:4)
  2 centaurs
  4 ogres
  3 lemures (D:5)
  A phantom (D:5)
  Blork the orc (D:4)
  2 bullfrogs
  A scorpion (D:4)
  A gnoll sergeant (D:7)
  2 necrophages
  5 wights
  2 howler monkeys (D:7)
  3 hounds
  2 jellies
  4 orc priests
  Jessica (D:3)
  6 iguanas
  Terence (D:3)
  An orc wizard (D:7)
  5 gnolls
  4 adders
  2 shadow imps
  A white imp (D:4)
  4 worms
  A dart slug (D:2)
  23 orcs
  7 ball pythons
  10 endoplasms
  4 giant cockroaches
  2 hobgoblins
  4 jackals
  9 quokkas
  4 bats
  2 frilled lizards
  13 goblins
  7 kobolds
  8 rats
  A bush (D:3)
179 creatures vanquished.

Vanquished Creatures (others)
  A fungus (D:1)
  2 plants (D:3)
3 creatures vanquished.

Grand Total: 182 creatures vanquished

Notes
Turn   | Place    | Note
-------+----------+-------------------------------------------
     0 | D:1      | bmack86 the Minotaur Fighter began the quest for the Orb.
     0 | D:1      | Reached XP level 1. HP: 19/19 MP: 0/0
    64 | D:1      | Found a faded altar of an unknown god.
    65 | D:1      | Reached XP level 2. HP: 16/27 MP: 1/1
   266 | D:1      | Reached skill level 3 in Axes
   997 | D:2      | Reached XP level 3. HP: 33/33 MP: 2/2
  1096 | D:2      | Found a runed translucent door.
  1097 | D:2      | Noticed Crazy Yiuf
  1745 | D:2      | Reached XP level 4. HP: 39/40 MP: 3/3
  1907 | D:3      | Noticed Jessica
  1912 | D:3      | Killed Jessica
  1913 | D:3      | Reached skill level 1 in Throwing
  1947 | D:3      | Noticed Terence
  1953 | D:3      | Killed Terence
  1954 | D:3      | Reached skill level 4 in Axes
  2058 | D:3      | Found a snail-covered altar of Cheibriados.
  2060 | D:3      | Found a shimmering blue altar of Sif Muna.
  2110 | D:3      | Reached XP level 5. HP: 47/47 MP: 4/4
  2168 | D:3      | Identified the +7 short sword "Biesa" {flame, Will++}
  2505 | D:3      | Found a stormy altar of Qazlal.
  2505 | D:3      | Found an ornate altar of the Wu Jian Council.
  2505 | D:3      | Found a white marble altar of Elyvilon.
  2708 | D:4      | Noticed Blork the orc
  2716 | D:4      | Killed Blork the orc
  2858 | D:4      | Reached XP level 6. HP: 37/53 MP: 5/5
  2905 | D:4      | Reached skill level 5 in Axes
  2917 | D:4      | Reached skill level 5 in Shields
  3067 | D:4      | Reached skill level 5 in Fighting
  3067 | D:4      | Reached skill level 5 in Armour
  3289 | D:4      | Reached XP level 7. HP: 57/61 MP: 6/6
  3525 | D:4      | Reached skill level 6 in Axes
  3613 | D:5      | Entered Level 5 of the Dungeon
  3763 | D:5      | Noticed Pikel
  3776 | D:5      | HP: 3/61 [Pikel/+2 whip of flaming (2)]
  3780 | D:5      | Killed Pikel
  3781 | D:5      | Reached skill level 7 in Axes
  3781 | D:5      | Reached XP level 8. HP: 9/70 MP: 7/7
  4435 | D:5      | Reached skill level 8 in Axes
  4649 | D:6      | Noticed Menkaure
  4656 | D:6      | Killed Menkaure
  4693 | D:6      | Noticed Grinder
  4695 | D:6      | Identified the +10 trident "Coeschal" {flame, Int+3 Dex-4
                  | Stlth+}
  4700 | D:6      | Killed Grinder
  4733 | D:6      | Reached XP level 9. HP: 59/78 MP: 8/8
  4840 | D:6      | Found Apreomuq's General Store.
  4860 | D:6      | Bought a scroll of magic mapping for 82 gold pieces
  4860 | D:6      | Bought a +0 kite shield for 49 gold pieces
  4860 | D:6      | Bought a scroll of identify for 22 gold pieces
  5071 | D:6      | Found a burning altar of Makhleb.
  5327 | D:6      | Found a sacrificial altar of Ru.
  5334 | D:6      | Reached skill level 9 in Axes
  5617 | D:7      | Found a staircase to the Ecumenical Temple.
  5623 | Temple   | Entered the Ecumenical Temple
  5628 | Temple   | Became a worshipper of Warmaster Okawaru
  6014 | D:7      | Reached skill level 5 in Throwing
  6265 | D:7      | Reached skill level 1 in Invocations
  6771 | D:8      | Reached * piety under Okawaru
  6777 | D:8      | Reached skill level 10 in Axes
  6894 | D:8      | Reached XP level 10. HP: 83/88 MP: 10/10
  6907 | D:8      | Reached ** piety under Okawaru
  7047 | D:9      | Found a flagged portal.
  7113 | Bailey   | Entered a bailey
  7220 | Bailey   | Found a large runed translucent door.
  7220 | Bailey   | Found a large runed translucent door.
  7221 | Bailey   | Noticed a deep elf pyromancer
  7223 | Bailey   | Noticed an orc knight
  7245 | Bailey   | Killed an orc knight
  7356 | Bailey   | Killed a deep elf pyromancer
  7451 | D:9      | Noticed a manticore
  7451 | D:9      | Noticed Prince Ribbit
  7451 | D:9      | Noticed a deep elf pyromancer
  7475 | D:8      | Killed Prince Ribbit
  7476 | D:8      | Reached skill level 11 in Axes
  7516 | D:9      | Killed a manticore
  7520 | D:9      | Noticed a two-headed ogre
  7528 | D:9      | Noticed a cyclops
  7531 | D:9      | Killed a two-headed ogre
  7531 | D:9      | Reached *** piety under Okawaru
  7532 | D:9      | Noticed a cyclops
  7534 | D:9      | Noticed a tengu warrior
  7534 | D:9      | Noticed a manticore
  7535 | D:9      | Noticed a centaur warrior
  7540 | D:9      | Killed a cyclops
  7548 | D:9      | Killed a cyclops
  7564 | D:9      | HP: 4/90 [troll (4)]
  7566 | D:9      | Slain by a troll

Illustrated notes

Levels and vault maps discovered:
D:1:      evilmike_arrival_fibonacci_small, layout_basic,
          shapermc_ecumenical_altar_acropolis, serial_curves, eino_curves_04,
          eino_curves_02
D:2:      layout_loops_ring, minmay_pentomino_o4, uniq_crazy_yiuf_cottage
D:3:      layout_basic, nicolae_overflow_hidden_temple,
          gammafunk_temple_overflow_forgotten, serial_glass, glass_columns_a,
          glass_columns_a, st_stairs_6, uniq_jessica, uniq_terence
D:4:      layout_loops_cross, minmay_vboxes, uniq_blork_the_orc
D:5:      layout_cave_pods, minmay_misc_feat_ornament, uniq_pikel
D:6:      layout_basic, mainiacjoe_overflow_catch_the_wave, serial_shops,
          nicolae_diamond_shop, uniq_grinder, uniq_menkaure
D:7:      layout_loops_corners, minmay_temple_entry_fiery,
          kennysheep_generic_room_5
D:8:      layout_basic, minmay_holes
D:9:      minmay_the_grid_net [minmay_the_grid_medium_cups,
          minmay_the_grid_tri_star, minmay_the_grid_pillar_ring,
          minmay_the_grid_gridbox, minmay_the_grid_box_x,
          minmay_the_grid_prize_four_corners], layout_rooms, enter_bailey_3,
          serial_shops, nicolae_shop_overgrown_old_shop, uniq_prince_ribbit1
Temple:   minmay_freezing_vapour_temple

Skill      XL: |  1  2  3  4  5  6  7  8  9 10 |
---------------+-------------------------------+-----
Axes           | 3 4 5 7 8 10 11 | 11.6
Shields        | 4 5 6 7 8 |  8.9
Fighting       | 4 5 6 7 8 |  8.8
Armour         | 4 5 6 7 8 |  8.8
Throwing       | 1 2 3 4 5 6 |  6.4
Invocations    | 2 4 |  4.0

Action                   |  1- 3 |  4- 6 |  7- 9 | 10-12 || total
-------------------------+-------+-------+-------+-------++-------
Melee: War axe           |    87 |   125 |   203 |    94 ||   509
       Headbutt          |     6 |    25 |    40 |    22 ||    93
       Trident           |       |       |     3 |       ||     3
Throw: Boomerang         |    26 |       |       |    15 ||    41
Invok: Heroism           |       |       |       |     5 ||     5
  Use: Scroll            |     2 |     3 |    10 |     4 ||    19
       Potion            |       |       |       |     2 ||     2
Armor: Scale mail        |    28 |       |       |       ||    28
       Chain mail        |    40 |    20 |       |       ||    60
       Plate armour      |       |    30 |   165 |    87 ||   282
Dodge: Dodged            |    36 |    36 |    63 |    29 ||   164
       Repelled          |       |       |       |     1 ||     1
Block: Buckler           |    17 |    11 |    27 |       ||    55
       Kite shield       |       |       |    44 |    85 ||   129

Table legend: (Time is in decaauts)
 A = Elapsed time spent in this place.
 B = Non-inter-level travel time spent in this place.
 C = Inter-level travel time spent in this place.
 D = Time resting spent in this place.
 E = Time spent auto-exploring this place.
 F = Levels seen in this place.
 G = Mean time per level.
                   A        B        C        D        E       F      G
               +--------+--------+--------+--------+--------+-----+--------+
         Total |   7667 |   7480 |    187 |    223 |   4953 |  11 |  697.0 |
       Dungeon |   7337 |   7150 |    187 |    208 |   4890 |   9 |  815.2 |
        Temple |     27 |     27 |      0 |      0 |     16 |   1 |   27.0 |
        Bailey |    302 |    302 |      0 |     15 |     47 |   1 |  302.0 |
               +--------+--------+--------+--------+--------+-----+--------+

Top non-repeatable levels by time:
     D:5: 973 daAuts
     D:3: 965 daAuts
     D:1: 951 daAuts
     D:2: 942 daAuts
     D:7: 935 daAuts
     D:6: 932 daAuts
     D:4: 867 daAuts
     D:8: 618 daAuts
  Bailey: 302 daAuts
     D:9: 151 daAuts
  Temple: 27 daAuts
